 Dungeon Crawl Stone Soup version 0.18-a0-1788-g92de1ac (webtiles) character file.

205676 barb4r1an the Warrior (level 18, -14/173 HPs)
             Began as a Minotaur Berserker on Apr 19, 2016.
             Was the Champion of Trog.
             Demolished by a balrug
             ... wielding a +0 demon whip
              (27 damage)
             ... on level 2 of the Abyss on Apr 20, 2016.
             The game lasted 01:59:23 (29202 turns).

barb4r1an the Warrior (Minotaur Berserker)         Turns: 29202, Time: 01:59:24

Health: -14/173    AC: 26    Str: 28    XL:     18   Next: 4%
Magic:  17/17      EV: 27    Int:  4    God:    Trog [******]
Gold:   577        SH: 14    Dex: 27    Spells: 0 memorised, 17 levels left

rFire  . . .     SeeInvis .     U - +8 scimitar of Rererinugg {vamp, rElec Dex+4}
rCold  + . .     Gourm    .     k - +6 chain mail of the Eight Boll Weevils {*Confuse Regen+ Str+4 Dex+3}
rNeg   . . .     Faith    .     R - +0 buckler
rPois  .         Spirit   .     (helmet unavailable)
rElec  +         Dismiss  .     M - +2 cloak
rCorr  .         Reflect  +     (no gloves)
SustAt .         Harm     .     H - +0 pair of boots
MR     +++..                    A - +4 amulet of reflection
Stlth  ..........               O - ring of protection from cold
                                S - +4 ring of dexterity

@: exhausted, about to teleport, very slightly contaminated, recuperating, badly
diseased, slowed, very slow, extremely resistant to hostile enchantments,
extremely unstealthy
A: retaliatory headbutt, horns 3, talons 1, blink, mutation resistance 1
a: Blink, Berserk, Trog's Hand, Brothers in Arms, Burn Spellbooks, Renounce
Religion
}: 1/15 runes: decaying


You were on level 2 of the Abyss.
You worshipped Trog.
Trog was exalted by your worship.
You were not hungry.

You visited 5 branches of the dungeon, and saw 28 of its levels.
You visited the Abyss 1 time.
You visited 1 bazaar.
You also visited: Ossuary.

You collected 3041 gold pieces.
You spent 2464 gold pieces at shops.

Inventory:

Hand Weapons
 B - the +7 flail of Trog's Delight {crush, rElec MR++}
   (Trog gifted it to you on level 6 of the Lair of Beasts)

   It inflicts extra damage upon your enemies.
   It insulates you from electricity.
   It affects your resistance to hostile enchantments.
 U - the +8 scimitar of Rererinugg (weapon) {vamp, rElec Dex+4}
   (You bought it in a shop in a bazaar)

   It inflicts no extra harm, but heals its wielder somewhat when it strikes a
   living foe.
   It affects your dexterity (+4).
   It insulates you from electricity.
Armour
 k - the +6 chain mail of the Eight Boll Weevils (worn) {*Confuse Regen+ Str+4 Dex+3}
   (You found it on level 4 of the Swamp)

   It affects your strength (+4).
   It affects your dexterity (+3).
   It increases your rate of regeneration.
   It may confuse you when you take damage.
 H - a +0 pair of boots (worn)
 M - a +2 cloak (worn)
 R - a +0 buckler (worn)
 W - the +4 crystal plate armour of Brilliance {rF- Regen+ Str+4 Slay+2}
   (You found it on level 3 of the Lair of Beasts)

   It affects your strength (+4).
   It affects your accuracy and damage with ranged weapons and melee attacks
   (+2).
   It makes you vulnerable to fire.
   It increases your rate of regeneration.
Jewellery
 o - an uncursed ring of fire
 w - the amulet of Routo {Regen+ Dex+3, unknown}
   (You found it on level 3 of the Elven Halls)

   [amulet of regeneration]

   It affects your dexterity (+3).
   It increases your rate of regeneration.
 A - a +4 amulet of reflection (around neck)
 E - a +2 ring of evasion
 O - a ring of protection from cold (right hand)
 S - a +4 ring of dexterity (left hand)
Scrolls
 d - 5 scrolls of enchant armour
 g - 7 scrolls of recharging
 j - 4 scrolls of magic mapping
 n - 3 scrolls of vulnerability
 p - a scroll of identify
 q - 7 scrolls of enchant weapon
 r - 11 scrolls of remove curse
 u - a scroll of silence
 x - 2 scrolls of blinking
 C - 4 scrolls of fear
 F - 2 scrolls of teleportation
 G - 4 scrolls of fog
 J - 5 scrolls of immolation
 N - a scroll of brand weapon {unknown}
Potions
 a - 6 potions of haste
 b - 4 potions of agility
 e - 2 potions of resistance
 f - a potion of magic
 h - a potion of cancellation
 i - 4 potions of cure mutation
 l - a potion of berserk rage
 m - 4 potions of might
 s - 14 potions of curing
 t - 5 potions of lignification
 v - a potion of flight
 z - 2 potions of brilliance
 D - 3 potions of heal wounds
 K - 4 potions of invisibility
Books
 T - a book of Geomancy

   Spells                             Type                      Level
   a - Sandblast                      Earth                        1
   b - Passwall                       Transmutation/Earth          2
   c - Stone Arrow                    Conjuration/Earth            3
   d - Petrify                        Transmutation/Earth          4
   e - Lee's Rapid Deconstruction     Earth                        5
   Trog disapproves of the use of such an item.
Miscellaneous
 y - a stone of tremors
 X - a fan of gales
 Y - a phantom mirror
 Z - an ornate deck of escape {Warpwright}
Comestibles
 c - 16 bread rations


   Skills:
 + Level 18.6 Fighting
 * Level 2.4 Long Blades
   Level 4.1(10.2) Axes
 - Level 13.9(14.1) Maces & Flails
 + Level 18.6 Armour
 + Level 17.1 Dodging
 + Level 15.1 Shields


You had 17 spell levels left.
You didn't know any spells.

Dungeon Overview and Level Annotations

Branches:
Dungeon (11/15)            Temple (0/1) D:7            Lair (8/8) D:8
  Swamp (4/4) Lair:3       Spider (0/4) Lair:3        Slime (0/6) Lair:6
    Orc (2/2) D:11            Elf (3/3) Orc:2

Altars:
Elyvilon
Kikubaaqudgha
Makhleb
Okawaru
Qazlal
Sif Muna
Trog
Vehumet
Xom
The Shining One
Beogh

Shops:
D:9 !   D:11 %   Orc:1 %   Orc:2 [[*(   Elf:1 =   Elf:2 =

Portals:
Trove: Elf:3 (give 17 scrolls of teleportation)

Annotations:
D:9 exclusion: statue
Lair:6 exclusion: oklob plant
Elf:2 1 runed door


Innate Abilities, Weirdness & Mutations

You reflexively headbutt those who attack you in melee.
You have a pair of large horns on your head.
You have sharp toenails.
You can translocate small distances at will.
You are somewhat resistant to further mutation.


Message History

The starcursed mass engulfs you but does no damage.
You block the starcursed mass's attack.
The starcursed mass engulfs you but does no damage.
The red devil barely misses you. The red devil completely misses you.
A starcursed mass splits.
The balrug hits you with a demon whip.
You are engulfed in flames!!
* * * LOW HITPOINT WARNING * * *
The ancient zyme barely misses you. You furiously retaliate!
You headbutt the ancient zyme. The ancient zyme closely misses you.
The starcursed mass engulfs you but does no damage.
The starcursed mass engulfs you.
* * * LOW HITPOINT WARNING * * *
You slash the ancient zyme! Your headbutt misses the ancient zyme.
The ancient zyme is severely damaged.
The starcursed mass engulfs you!
* * * LOW HITPOINT WARNING * * *
The balrug hits you with a demon whip!
* * * LOW HITPOINT WARNING * * *
You are engulfed in flames!!
You die...

##......##......##
..................
.................
.....#.....#?....#
..................
..........X.4.....
. ......XXX24.....
. #.X3X@# ...≈#
... ##..x###...≈≈
. .#.... #. . ≈≈
.............. ..
.......... ≈≈≈≈
...........≈.♣..
.#..##.§.. #.##
.#. .###.# # . #.
##.##


You could see 6 starcursed masses, a balrug, an ancient zyme, a smoke demon and
2 red devils.

Vanquished Creatures
  the Lernaean hydra (Swamp:4)
  A bone dragon (Abyss:2)
  A tentacled monstrosity (Swamp:3)
  2 deep elf blademasters (Elf:3)
  A deep elf master archer (Elf:3)
  The ghost of namelastname112 the Brawler, an adept DrTm of Makhleb (Elf:2)
  The ghost of PeterLawrence the Warrior, an adept GrFi of Okawaru (Swamp:4)
  A thorn hunter (Swamp:2)
  2 deep elf sorcerers
  Maud (Lair:6)
  2 deep elf elementalists
  A stone giant (Orc:2)
  4 deep elf demonologists
  A deep elf annihilator (Elf:3)
  4 deep elf death magi
  An ettin (Orc:2)
  Josephine (Lair:8)
  A ghost crab (Swamp:3)
  21 hydras
  3 catoblepae (Lair:8)
  Erica (Orc:1)
  30 dancing weapons
  9 death yaks
  8 alligators
  6 small abominations
  4 thrashing horrors (Abyss:2)
  A wretched star (Abyss:2)
  23 deep elf knights
  6 orc high priests
  A giant orange brain (Abyss:2)
  4 lindwurms (Lair:6)
  2 spriggan druids (Swamp:3)
  7 deep elf archers
  2 shambling mangroves
  9 swamp dragons
  5 orc knights (Orc:2)
  Pikel (D:5)
  57 deep elf magi
  6 large abominations (Abyss:2)
  A cyclops (Orc:2)
  3 ugly things
  2 hornets
  6 orc sorcerers
  A salamander (Lair:3)
  3 griffons
  2 black mambas
  Maurice (Orc:2)
  2 apocalypse crabs (Abyss:2)
  25 spiny frogs
  6 komodo dragons
  7 starcursed masses (Abyss:2)
  An ancient zyme (Abyss:2)
  7 trolls
  A jumping spider (Lair:3)
  5 polar bears
  6 giant leeches
  9 slime creatures
  2 boulder beetles (Lair:7)
  10 bog bodies
  3 two-headed ogres
  Grinder (D:5)
  13 blink frogs
  Sigmund (D:2)
  A shadow (Swamp:3)
  A water elemental (Elf:2)
  3 air elementals
  A tarantella (shapeshifter) (Elf:1)
  5 wyverns
  4 wraiths
  3 fire bats (Lair:3)
  A basilisk (Lair:4)
  39 yaks
  4 fire elementals
  9 vampire mosquitoes
  A hippogriff (Lair:6)
  A human (D:7)
  4 wargs
  16 swamp worms
  The ghost of Mefis the Magician, an amateur HuWz of Cheibriados (D:4)
  7 insubstantial wisps
  A soldier ant (shapeshifter) (Elf:2)
  18 water moccasins
  8 porcupines
  2 hell hounds (Lair:3)
  6 ice beasts
  5 sky beasts
  10 swamp drakes
  2 slaves (D:5)
  The ghost of barb4r1an the Covered, an amateur HOFi (D:3)
  2 phantoms
  3 black bears
  A necrophage (D:6)
  41 orc warriors
  6 wasps
  22 ogres
  13 crocodiles
  6 wolves
  7 centaurs
  3 big kobolds (D:8)
  12 giant frogs
  A gnoll sergeant (D:9)
  An earth elemental (Elf:2)
  A scorpion (D:9)
  A water moccasin zombie (D:6)
  2 wyvern skeletons
  A water moccasin skeleton (D:8)
  8 killer bees
  7 wights (D:8)
  2 howler monkeys
  An electric eel (Lair:3)
  3 crimson imps
  2 giant frog zombies
  5 hounds
  2 quasits
  A centaur skeleton (D:9)
  A giant frog skeleton (D:8)
  2 jellies (Lair:6)
  2 gnoll shamans
  26 orc priests
  7 iguanas
  8 orc wizards
  Jessica (D:2)
  8 worker ants
  11 sheep
  2 big kobold zombies (Ossuary)
  A hound zombie (D:7)
  2 hound skeletons
  8 mummies (Ossuary)
  A worker ant zombie (D:8)
  19 gnolls
  A howler monkey skeleton (D:9)
  18 river rats
  12 adders
  A shadow imp (D:7)
  5 white imps (Abyss:2)
  7 oozes
  2 adder skeletons
  A worm (D:2)
  3 dart slugs
  5 giant geckos
  107 orcs
  A ball python (D:5)
  12 bats
  3 giant cockroaches
  2 gnoll zombies (Ossuary)
  11 goblins
  7 hobgoblins
  22 jackals
  5 giant newts
  3 hobgoblin zombies (Ossuary)
  A jackal skeleton (D:4)
  25 kobolds
  An orc zombie (Ossuary)
  39 rats
  A fungus (D:8)
  3 plants
1056 creatures vanquished.

Vanquished Creatures (collateral kills)
  An orc warlord (Orc:2)
  A deep elf elementalist (Elf:3)
  A deep elf death mage (Elf:3)
  2 hydras
  3 death yaks (Lair:8)
  A swamp dragon (Swamp:4)
  A manticore (D:11)
  A spiny frog (Swamp:4)
  2 bog bodies (Swamp:4)
  3 blink frogs (Lair:1)
  3 yaks (Lair:8)
  A hungry ghost (D:11)
  5 orc warriors
  2 orc wizards (Orc:2)
  4 orc priests
  A sheep (Lair:8)
  9 orcs
  A plant (Lair:8)
42 creatures vanquished.

Vanquished Creatures (others)
  An alligator (Swamp:3)
  A deep elf archer (Elf:2)
  A deep elf mage (Elf:1)
  A spiny frog (Lair:6)
  A bog body (Swamp:4)
  A water elemental (Elf:2)
  A crimson imp (D:5)
  A small abomination (Abyss:2)
  2 gnolls (D:5)
  An orc (Orc:2)
  8 fungi
  14 plants
33 creatures vanquished.

Grand Total: 1131 creatures vanquished

Notes
Turn   | Place    | Note
--------------------------------------------------------------
     0 | D:1      | barb4r1an the Minotaur Berserker began the quest for the Orb.
     0 | D:1      | Reached XP level 1. HP: 19/19 MP: 0/0
   117 | D:1      | Reached XP level 2. HP: 23/27 MP: 1/1
   297 | D:1      | Reached ** piety under Trog
   592 | D:2      | Reached XP level 3. HP: 33/33 MP: 2/2
   998 | D:2      | Gained mutation: Your mind is acute. (Int +2) [potion of mutation]
   998 | D:2      | Gained mutation: You have sharp toenails. [potion of mutation]
   998 | D:2      | Gained mutation: You have a pair of large horns on your head. [potion of mutation]
  1031 | D:2      | Reached XP level 4. HP: 39/40 MP: 3/3
  1193 | D:2      | Noticed Sigmund
  1194 | D:2      | Noticed Jessica
  1207 | D:2      | Killed Sigmund
  1207 | D:2      | Reached skill level 5 in Fighting
  1207 | D:2      | Reached skill level 5 in Maces & Flails
  1207 | D:2      | Reached XP level 5. HP: 36/48 MP: 4/4
  1215 | D:2      | Killed Jessica
  1215 | D:2      | Reached XP level 6. HP: 26/56 MP: 5/5
  1400 | D:2      | Found a shimmering altar of Xom.
  1526 | D:2      | Reached *** piety under Trog
  1676 | D:3      | Noticed barb4r1an's ghost (amateur HOFi)
  1681 | D:3      | Killed barb4r1an's ghost
  2333 | D:3      | Received a gift from Trog
  2336 | D:3      | Reached **** piety under Trog
  2893 | D:3      | Reached skill level 5 in Armour
  2893 | D:3      | Reached XP level 7. HP: 39/62 MP: 6/6
  3048 | D:3      | Found a bloodstained altar of Trog.
  3152 | D:4      | Noticed Mefis's ghost (amateur HuWz)
  3185 | D:4      | Killed Mefis's ghost
  3185 | D:4      | Reached skill level 5 in Dodging
  3640 | D:4      | Found a sand-covered staircase.
  3655 | Ossuary  | Entered an ossuary
  3680 | Ossuary  | Reached XP level 8. HP: 61/71 MP: 7/7
  3939 | D:5      | Entered Level 5 of the Dungeon
  3947 | D:5      | Found a deep blue altar of Sif Muna.
  4036 | D:5      | Noticed Pikel
  4051 | D:5      | Killed Pikel
  4145 | D:5      | Noticed Grinder
  4153 | D:5      | Killed Grinder
  4199 | D:5      | Found a glowing golden altar of the Shining One.
  4456 | D:5      | Reached XP level 9. HP: 57/81 MP: 8/8
  4694 | D:6      | Found a burning altar of Makhleb.
  5659 | D:7      | Reached ***** piety under Trog
  5698 | D:7      | Found a radiant altar of Vehumet.
  5741 | D:7      | Found a staircase to the Ecumenical Temple.
  5945 | D:7      | Reached XP level 10. HP: 72/91 MP: 9/9
  6048 | D:7      | Found a stormy altar of Qazlal.
  6344 | D:8      | Found a staircase to the Lair.
  6474 | D:8      | Noticed a purple ugly thing
  6478 | D:8      | Killed a purple ugly thing
  6530 | D:8      | Reached skill level 10 in Fighting
  6571 | D:8      | Gained mutation: You are somewhat resistant to further mutation. [mutagenic meat]
  6572 | D:8      | Gained mutation: Your magical capacity is low (-10% MP). [mutagenic meat]
  6894 | D:9      | Found an ancient bone altar of Kikubaaqudgha.
  6898 | D:9      | Reached skill level 10 in Maces & Flails
  7040 | D:9      | Found a white marble altar of Elyvilon.
  7040 | D:9      | Found an iron altar of Okawaru.
  7268 | D:9      | Found Agecel's Distillery.
  7285 | D:9      | Reached skill level 10 in Armour
  7290 | D:9      | Bought a potion of heal wounds for 50 gold pieces
  7290 | D:9      | Bought a potion of haste for 100 gold pieces
  7725 | D:9      | Found a radiant altar of Vehumet.
  7798 | D:10     | Entered Level 10 of the Dungeon
  8059 | D:10     | Reached XP level 11. HP: 82/101 MP: 8/8
  8108 | D:10     | Noticed a green ugly thing
  8115 | D:10     | Killed a green ugly thing
  8158 | D:10     | Lost mutation: Your magical capacity is low (-10% MP). [mutagenic meat]
  8283 | D:10     | Received a gift from Trog
  8614 | D:10     | Reached skill level 10 in Dodging
  8615 | D:10     | Found a stormy altar of Qazlal.
  9057 | D:11     | Noticed a green ugly thing
  9079 | D:11     | Killed a green ugly thing
  9086 | D:11     | Lost mutation: Your mind is acute. (Int +2) [mutagenic meat]
  9163 | D:11     | Found a shimmering altar of Xom.
  9440 | D:11     | Found a roughly hewn altar of Beogh.
  9440 | D:11     | Found a staircase to the Orcish Mines.
  9762 | D:11     | Found Bexzog's Food Shop.
 10049 | D:8      | Reached skill level 1 in Shields
 10089 | Lair:1   | Entered Level 1 of the Lair of Beasts
 10229 | Lair:1   | Noticed a five-headed hydra
 10234 | Lair:1   | Killed a four-headed hydra
 10641 | Lair:1   | Noticed a five-headed hydra
 10647 | Lair:1   | Killed a five-headed hydra
 10647 | Lair:1   | Reached XP level 12. HP: 102/112 MP: 11/11
 11363 | Lair:3   | Noticed an eight-headed hydra
 11373 | Lair:3   | Killed an eight-headed hydra
 11796 | Lair:3   | Got a distressingly furry crystal plate armour
 11807 | Lair:3   | Identified the +4 crystal plate armour of Brilliance {rF- Regen+ Str+4 Slay+2} (You found it on level 3 of the Lair of Beasts)
 11844 | Lair:3   | Received a gift from Trog
 11898 | Lair:3   | Reached skill level 5 in Shields
 11904 | Lair:3   | Found a staircase to the Swamp.
 12131 | Lair:3   | Reached skill level 1 in Axes
 12169 | Lair:3   | Found a hole to the Spider Nest.
 12311 | Lair:3   | Found an iron altar of Okawaru.
 12527 | Lair:4   | Got a jasper-studded plate armour
 12538 | Lair:4   | Identified the cursed +0 plate armour of Vid Just {rPois Int+4} (You found it on level 4 of the Lair of Beasts)
 13143 | Lair:4   | Got a faintly glowing dagger
 13144 | Lair:4   | Identified the +4 dagger of the Hills {holy, -Tele rN+ Stlth+} (You found it on level 4 of the Lair of Beasts)
 13328 | Lair:4   | Noticed a four-headed hydra
 13339 | Lair:4   | Killed a four-headed hydra
 14022 | Lair:6   | Received a gift from Trog
 14023 | Lair:6   | Got an iridescent flail {god gift}
 14024 | Lair:6   | Identified the +7 flail of Trog's Delight {crush, rElec MR++} (Trog gifted it to you on level 6 of the Lair of Beasts)
 14183 | Lair:6   | Reached XP level 13. HP: 122/122 MP: 12/12
 14367 | Lair:6   | Noticed Maud
 14381 | Lair:6   | Killed Maud
 14390 | Lair:6   | Found a staircase to the Slime Pits.
 15123 | Lair:6   | Got a jewelled scale mail
 15134 | Lair:6   | Identified the +5 scale mail of the Jackalope {rF- Slay+4} (You found it on level 6 of the Lair of Beasts)
 15762 | Lair:7   | Received a gift from Trog
 16374 | Lair:8   | Entered Level 8 of the Lair of Beasts
 16644 | Lair:8   | Reached XP level 14. HP: 121/133 MP: 13/13
 16980 | Lair:8   | Noticed Josephine
 16990 | Lair:8   | Killed Josephine
 17510 | Orc:1    | Entered Level 1 of the Orcish Mines
 17516 | Orc:1    | Noticed Erica
 17523 | Orc:1    | Killed Erica
 17680 | Orc:1    | Found Mihelaep's Food Boutique.
 17693 | Orc:1    | Received a gift from Trog
 17824 | Orc:2    | Entered Level 2 of the Orcish Mines
 17855 | Orc:2    | Noticed Maurice
 17919 | Orc:2    | Killed Maurice
 18497 | Orc:2    | Found Taxuh's Weapon Boutique.
 18541 | Orc:2    | Found a roughly hewn altar of Beogh.
 18543 | Orc:2    | Noticed an orc warlord
 18544 | Orc:2    | Reached skill level 15 in Fighting
 18561 | Orc:2    | Killed an orc warlord
 18566 | Orc:2    | Received a gift from Trog
 18735 | Orc:2    | Found Obotain's General Store.
 18884 | Orc:2    | Found a staircase to the Elven Halls.
 19068 | Orc:2    | Reached skill level 15 in Armour
 19086 | Orc:2    | Found a roughly hewn altar of Beogh.
 19122 | Orc:2    | Reached ****** piety under Trog
 19125 | Orc:2    | Received a gift from Trog
 19161 | Orc:2    | Noticed a stone giant
 19170 | Orc:2    | Killed a stone giant
 19227 | Orc:2    | Found Qayhan's Armour Emporium.
 19248 | Orc:2    | Found Yliytt's Antique Armour Shoppe.
 19555 | Swamp:1  | Entered Level 1 of the Swamp
 19567 | Swamp:1  | Reached XP level 15. HP: 129/141 MP: 14/14
 19570 | Swamp:1  | Reached skill level 10 in Shields
 20990 | Swamp:2  | Noticed a thorn hunter
 21004 | Swamp:2  | Killed a thorn hunter
 21221 | Swamp:2  | Paralysed by a hornet for 2 turns
 21242 | Swamp:2  | Got a sparkling lead ring
 21394 | Swamp:2  | Lost intelligence.
 21394 | Swamp:2  | Identified the cursed ring of Uneu {rF+ rC+ MR+ Int-5 Dex-3 SInv} (You found it on level 2 of the Swamp)
 21919 | Swamp:3  | Noticed a tentacled monstrosity
 21929 | Swamp:3  | Killed a tentacled monstrosity
 22516 | Swamp:4  | Entered Level 4 of the Swamp
 22517 | Swamp:4  | Noticed PeterLawrence's ghost (adept GrFi)
 22532 | Swamp:4  | Killed PeterLawrence's ghost
 22964 | Swamp:4  | Received a gift from Trog
 23090 | Swamp:4  | Reached skill level 15 in Dodging
 23118 | Swamp:4  | Noticed the 27-headed Lernaean hydra
 23126 | Swamp:4  | Killed the 26-headed Lernaean hydra
 23126 | Swamp:4  | Reached XP level 16. HP: 152/152 MP: 15/15
 23147 | Swamp:4  | Got a decaying rune of Zot
 23152 | Swamp:4  | Got a bloodstained chain mail
 23187 | Swamp:4  | Identified the +6 chain mail of the Eight Boll Weevils {*Confuse Regen+ Str+4 Dex+3} (You found it on level 4 of the Swamp)
 23909 | Elf:1    | Entered Level 1 of the Elven Halls
 24686 | Elf:1    | Found Exeheif's Jewellery Boutique.
 24894 | Elf:1    | Identified Sif Muna's Guide on Summoning
 25082 | Elf:2    | Found Cieze's Jewellery Boutique.
 25127 | Elf:2    | Received a gift from Trog
 25188 | Elf:2    | Bought a +4 amulet of reflection for 375 gold pieces
 25409 | Elf:2    | Noticed namelastname112's ghost (adept DrTm)
 25432 | Elf:2    | Killed namelastname112's ghost
 25583 | Elf:2    | Noticed a Brimstone Fiend
 25587 | Elf:2    | Noticed an Ice Fiend
 25846 | Elf:2    | Found a runed door.
 25894 | Elf:2    | Found a runed door.
 25976 | Elf:2    | Noticed a Hell Sentinel
 26216 | Elf:2    | Reached XP level 17. HP: 159/162 MP: 16/16
 26720 | Elf:2    | Received a gift from Trog
 27072 | Elf:3    | Entered Level 3 of the Elven Halls
 27119 | Elf:3    | Found a gateway to a bazaar.
 27132 | Bazaar   | Entered a bazaar
 27132 | Bazaar   | Found Fumm's Antique Weapon Shop.
 27132 | Bazaar   | Found Cauvum's Antique Armour Shop.
 27179 | Bazaar   | Found Qapluarr's Distillery.
 27187 | Bazaar   | Bought a potion of beneficial mutation for 315 gold pieces
 27188 | Bazaar   | Gained mutation: You can translocate small distances at will. [potion of beneficial mutation]
 27194 | Bazaar   | Bought a potion of might for 36 gold pieces
 27208 | Bazaar   | Bought a faintly glowing mace for 264 gold pieces
 27208 | Bazaar   | Identified the +9 mace "Giantbane" {elec, Int-3 Dex+4} (You bought it in a shop in a bazaar)
 27226 | Bazaar   | Bought a heavily runed ring mail for 162 gold pieces
 27236 | Bazaar   | Identified the cursed +0 ring mail of the Illusory Gods {rElec Int+2 Dex+4 SInv} (You bought it in a shop in a bazaar)
 27248 | Bazaar   | Bought a polished scimitar for 297 gold pieces
 27248 | Bazaar   | Bought a pitted great sword for 379 gold pieces
 27253 | Bazaar   | Identified the +7 great sword of the World {flame, Dex+4} (You bought it in a shop in a bazaar)
 27258 | Bazaar   | Identified the +8 scimitar of Rererinugg {vamp, rElec Dex+4} (You bought it in a shop in a bazaar)
 27346 | Bazaar   | Bought a potion of curing for 27 gold pieces
 27346 | Bazaar   | Bought a potion of resistance for 90 gold pieces
 27346 | Bazaar   | Bought a potion of haste for 90 gold pieces
 27346 | Bazaar   | Bought a potion of haste for 90 gold pieces
 27346 | Bazaar   | Bought a potion of lignification for 27 gold pieces
 27346 | Bazaar   | Bought a potion of curing for 27 gold pieces
 27346 | Bazaar   | Bought a potion of curing for 27 gold pieces
 27346 | Bazaar   | Bought a potion of curing for 27 gold pieces
 27346 | Bazaar   | Bought 2 potions of lignification for 54 gold pieces
 27346 | Bazaar   | Bought a potion of lignification for 27 gold pieces
 27687 | Elf:3    | Found a portal to a secret trove of treasure.
 27997 | Elf:3    | Got a brightly glowing amethyst amulet
 28481 | Elf:3    | Noticed a deep elf blademaster
 28491 | Elf:3    | Noticed a deep elf master archer
 28495 | Elf:3    | Killed a deep elf blademaster
 28498 | Elf:3    | Killed a deep elf master archer
 28498 | Elf:3    | Received a gift from Trog
 28518 | Elf:3    | Noticed a Brimstone Fiend
 28520 | Elf:3    | Noticed a deep elf blademaster
 28522 | Elf:3    | Noticed a deep elf master archer
 28594 | Elf:3    | Killed a deep elf blademaster
 28685 | Elf:3    | Noticed a Brimstone Fiend
 28876 | Elf:3    | Cast into level 2 of the Abyss (a deep elf demonologist)
 28943 | Abyss:2  | Paralysed by you for 6 turns
 28955 | Abyss:2  | Reached skill level 15 in Shields
 29060 | Abyss:2  | Noticed a bone dragon
 29139 | Abyss:2  | Paralysed by an apocalypse crab for 4 turns
 29146 | Abyss:2  | Reached skill level 1 in Long Blades
 29168 | Abyss:2  | Reached XP level 18. HP: 143/173 MP: 17/17
 29173 | Abyss:2  | Noticed a bone dragon
 29190 | Abyss:2  | Killed a bone dragon
 29190 | Abyss:2  | Paralysed by accursed screaming for 2 turns
 29202 | Abyss:2  | Demolished by a balrug

Vault maps used:
D:1:      roderic_octagonal_star
D:2:      nicolae_overflow_crystal_walls, uniq_jessica, uniq_sigmund
D:3:      nicolae_overflow_hidden_temple, first_bread, roderic_st_hans_cross,
          minmay_rats_cheesy_pizza
D:4:      enter_ossuary_3
D:5:      kennysheep_little_box, basic_altar, minmay_tree_intersection,
          roderic_serpentine_path, uniq_pikel, uniq_grinder
D:6:      makhleb_blood_cavern_becter
D:7:      nicolae_qazlal_eye_of_the_storm, minmay_temple_entry_grid,
          basic_altar, grunt_livestock
D:8:      due_lair_maze_entry_diamond, st_stairs_13
D:9:      gammafunk_temple_overflow_elements, kiku_gazebo_pond_becter,
          vehumet_statue, serial_shops, shop
D:10:     basic_altar
D:11:     david_orc_5, basic_altar, serial_shops, shop_fountains
Lair:1:   minivault_19
Lair:2:   st_stairs_9
Lair:3:   nicolae_swamp_entry_splash_gauntlet, spider_nest_entry_a,
          enter_volcano_3, lemuel_centaur_altar
Lair:4:   nicolae_lair_grove_arrangements, minivault_25, minivault_26,
          beast_lair_carwin_8
Lair:5:   serial_bayou_pond_e, infiniplex_staircase_pool
Lair:6:   minmay_lair_oklob_chamber, nicolae_slime_entry_slimehenge,
          minivault_23, minmay_lindwurm_lava, uniq_maud
Lair:7:   beast_lair_carwin_6, grunt_megastairs_3
Lair:8:   evilmike_catoblepas_cave, uniq_josephine
Swamp:1:  hangedman_swamp_lotus, swamp_pool2, st_swamp_mini
Swamp:2:  serial_swamp_ruin, evilmike_swamp_ruin_house_1,
          evilmike_swamp_ruin_rubble_2, evilmike_swamp_ruin_house_4, swamp_pool3
Swamp:3:  evilmike_swamp_ruin_rubble_1
Swamp:4:  grunt_swamp_rune_castle
Orc:1:    serial_shops, shop_fountains, uniq_erica
Orc:2:    pubby_orc_utopia, serial_shops, uniq_maurice
Elf:1:    serial_shops, nicolae_shop_behind_doors, minmay_elf_demonology,
          glass_columns_a
Elf:2:    serial_shops, shop
Elf:3:    elf_hall_gauntlet_narrow, enter_trove_3, serial_shops,
          bzr_entry_water, st_stairs_6, spider_trap, minmay_misc_feat_rows
Abyss:2:  hangedman_abyss_or_decor_passed
Bazaar:   bazaar_jpeg_cross
Ossuary:  ossuary_tomb_3

Skill      XL: |  1  2  3  4  5  6  7  8  9 10 11 12 13 14 15 16 17 18 |
---------------+-------------------------------------------------------+-----
Maces & Flails | 4 5 6 8 9 10 12 13 | 13.9
Fighting       | 4 5 6 8 9 10 12 13 14 15 16 17 18 | 18.6
Armour         | 3 4 5 6 7 8 10 11 12 13 15 16 17 18 | 18.6
Dodging        | 3 4 5 6 8 9 10 11 12 14 15 16 17 | 17.1
Shields        | 3 6 7 9 11 13 15 | 15.1
Axes           | 4 |  4.1
Long Blades    | 1 2 |  2.4

Action                   |  1- 3 |  4- 6 |  7- 9 | 10-12 | 13-15 | 16-18 || total
-------------------------+-------+-------+-------+-------+-------+-------++-------
Melee: Mace              |    91 |   140 |       |       |       |       ||   231
       Headbutt          |     9 |    25 |    43 |   176 |   350 |   293 ||   896
       Kick              |       |    34 |    74 |    33 |       |       ||   141
       Morningstar       |       |     7 |   252 |   527 |       |       ||   786
       War axe           |       |       |       |   138 |       |       ||   138
       Flail             |       |       |       |     2 |  1054 |   542 ||  1598
       Scimitar          |       |       |       |       |       |   299 ||   299
Invok: Trog's Hand       |     1 |       |     3 |     5 |     7 |     7 ||    23
       Berserk           |       |     2 |     1 |     6 |     6 |     4 ||    19
       Brothers in Arms  |       |       |       |     2 |     4 |     2 ||     8
 Abil: Blink             |       |       |       |       |       |     1 ||     1
  Use: Scroll            |     3 |     1 |    11 |    10 |     9 |    12 ||    46
       Potion            |     1 |       |       |       |     7 |     9 ||    17
 Stab: Sleeping          |     1 |       |     8 |     3 |       |       ||    12
       Distracted        |       |       |     1 |     1 |     2 |       ||     4
  Eat: Chunk             |       |     2 |    13 |    34 |       |       ||    49
       Meat ration       |       |     1 |       |     2 |     6 |     3 ||    12
       Beef jerky        |       |       |       |     5 |     2 |     1 ||     8
       Pizza             |       |       |       |     4 |     6 |     4 ||    14
       Fruit             |       |       |       |       |       |     3 ||     3
       Bread ration      |       |       |       |       |       |     1 ||     1
Armor: Animal skin       |    16 |       |       |       |       |       ||    16
       Scale mail        |     1 |    69 |    30 |       |       |       ||   100
       Ring mail         |       |       |    45 |   128 |       |       ||   173
       Crystal plate arm |       |       |       |   114 |   569 |     8 ||   691
       Chain mail        |       |       |       |       |       |   278 ||   278
Dodge: Dodged            |    79 |    85 |   188 |   515 |   597 |   626 ||  2090
Block: Buckler           |       |       |       |    75 |   308 |   465 ||   848
       Reflection        |       |       |       |       |       |    25 ||    25
